 Dungeon Crawl Stone Soup version 0.26-b1-32-g5d43845318 (webtiles) character file.

Game seed: 9884471663184163107

193 Borgoz the Cudgeller (level 5, -3/32 HPs)
             Began as a Gargoyle Gladiator on Jan 11, 2021.
             Slain by an ogre
             ... wielding a +0 giant club
              (20 damage)
             ... on level 4 of the Dungeon.
             The game lasted 00:03:34 (3623 turns).

Borgoz the Cudgeller (Gargoyle Gladiator)           Turns: 3623, Time: 00:03:35

Health: -3/32      AC: 17    Str: 17    XL:     5   Next: 72%
Magic:  5/5        EV: 12    Int:  9    God:
Gold:   80         SH:  0    Dex: 12    Spells: 4/4 levels left

rFire    . . .     SeeInvis .   b - +1 flail (protect)
rCold    . . .     Faith    .   (no shield)
rNeg     + . .     Spirit   .   h - +0 ring mail
rPois    ∞         Reflect  .   c - +0 helmet
rElec    +         Harm     .   (no cloak)
rCorr    .         Rampage  .   (no gloves)
Will     .....                  (no boots)
Stlth    +.........             (no amulet)
HPRegen  0.10/turn              (no ring)
MPRegen  0.09/turn              (no ring)

@: protection aura
A: negative energy resistance 1, electricity resistance, unbreathing,
petrification resistance, miasma immunity, AC +4
a: no special abilities


You were on level 4 of the Dungeon.
You visited 1 branch of the dungeon, and saw 4 of its levels.

You collected 80 gold pieces.

Inventory:

Hand Weapons
 b - a +1 flail of protection (weapon)
Missiles
 d - 2 throwing nets (quivered)
Armour
 c - a +0 helmet (worn)
 h - a +0 ring mail (worn)
Scrolls
 a - a scroll of enchant weapon
 e - a scroll of random uselessness {unknown}
 f - a scroll of fog
 g - 4 scrolls of blinking
Potions
 i - 2 potions of brilliance
 j - a potion of flight {unknown}


   Skills:
 + Level 3.1 Fighting
 * Level 4.3 Maces & Flails
 - Level 1.7 Throwing
 + Level 2.1 Armour
 * Level 3.5 Dodging


You had 4 spell levels left.
You didn't know any spells.
Your spell library was empty.

Dungeon Overview and Level Annotations

Branches:
Dungeon (4/15)
 Temple: D:4-7

Altars:
Cheibriados
Elyvilon
Fedhas
Gozag
Kikubaaqudgha
Okawaru


Innate Abilities, Weirdness & Mutations

You are resistant to torment.
Your stone body is resilient. (AC +4)
You are immune to poison.
You resist negative energy. (rN+)
You are resistant to electric shocks. (rElec)
You can survive without breathing.
You are immune to petrification.
You are immune to miasma.


Message History

An ogre comes into view. It is wielding a +0 giant club.
The ogre shouts!
An ogre is nearby!
An ogre is nearby!
You see here 18 bolts.
The ogre barely misses you.
You hit the ogre.
Your weapon exudes an aura of protection.
The ogre is moderately wounded.
You completely miss the ogre.
The ogre is moderately wounded.
The ogre hits you with a +0 giant club!
You sock the ogre!
The ogre is severely wounded.
The ogre barely misses you.
You barely miss the ogre.
The ogre is severely wounded.
The ogre hits you with a +0 giant club!!
Ouch! That really hurt!
You die...

#.. #..# ...
.. # #.#
#.#..
.##+#...O##
..... #..@#
..... #.#.##
.)...##+#(.#
...........#
...........#
...........#
...........#
...........##
............#


You could see an ogre.

Vanquished Creatures
  An orc wizard (D:3)
  6 gnolls
  2 adders (D:2)
  3 worms
  A dart slug (D:2)
  A leopard gecko (D:3)
  2 orcs (D:3)
  A ball python (D:1)
  4 giant cockroaches
  10 goblins
  5 hobgoblins
  8 jackals
  A quokka (D:2)
  9 bats
  9 frilled lizards
  7 kobolds
  4 rats (D:2)
74 creatures vanquished.

Notes
Turn   | Place    | Note
-------+----------+-------------------------------------------
     0 | D:1      | Borgoz the Gargoyle Gladiator began the quest for the Orb.
     0 | D:1      | Reached XP level 1. HP: 12/12 MP: 1/1
   122 | D:1      | Reached XP level 2. HP: 11/17 MP: 2/2
   818 | D:2      | Reached skill level 1 in Armour
   886 | D:2      | Reached XP level 3. HP: 13/22 MP: 3/3
  1044 | D:2      | Reached XP level 4. HP: 10/27 MP: 4/4
  1398 | D:2      | HP: 1/27 [jackal (2)]
  2280 | D:2      | Reached skill level 4 in Maces & Flails
  2287 | D:2      | Reached XP level 5. HP: 15/32 MP: 5/5
  2555 | D:3      | Found an opulent altar of Gozag.
  2719 | D:3      | Found a blossoming altar of Fedhas.
  2798 | D:3      | Found an iron altar of Okawaru.
  3379 | D:3      | Found a white marble altar of Elyvilon.
  3579 | D:3      | Found an ancient bone altar of Kikubaaqudgha.
  3582 | D:3      | Found a snail-covered altar of Cheibriados.
  3616 | D:4      | Noticed an ogre
  3623 | D:4      | Slain by an ogre

Illustrated notes

Levels and vault maps discovered:
D:1:      ncdulo_halloftheorcs, layout_loops_ring, minmay_statues_item
D:2:      layout_basic
D:3:      layout_basic, lemuel_crystal_altar, nicolae_overflow_hidden_temple,
          kennysheep_okawaru_gauntlet, grunt_gozag_breadcrumbs
D:4:      layout_basic, zin_purify, serial_park_tiny_1

Skill      XL: |  1  2  3  4  5 |
---------------+----------------+-----
Armour         | 1 2 |  2.1
Dodging        | 3 |  3.5
Maces & Flails | 4 |  4.3
Fighting       | 3 |  3.1
Throwing       | |  1.7

Action                   |  1- 3 |  4- 6 || total
-------------------------+-------+-------++-------
Melee: Flail             |    82 |   224 ||   306
Throw: Throwing net      |       |     2 ||     2
  Use: Scroll            |       |     4 ||     4
 Stab: Held in net/web   |       |     1 ||     1
Armor: Leather armour    |    35 |    57 ||    92
       Ring mail         |       |    67 ||    67
Dodge: Dodged            |    70 |   216 ||   286
